Flames vs Blues

Created - December 24, 2023 at 15:43

Goals
1 2 3 T
Flames 1 1 2 4
Blues 2 1 0 3
Shots
1 2 3 T
Flames 9 8 13 30
Blues 11 8 20 39

GoalsPenalties
1st period
1. Blues , Nico Hischier 11 (Logan Couture 14, Auston Matthews 19) at 6:43
2. Blues , Filip Hronek 5 (Jack Eichel 9, Yanni Gourde 11) at 13:00 (PP)
3. Flames , Josh Morrissey 6 (Alex DeBrincat 8, Alex Ovechkin 18) at 13:40
Calvin de Haan (CGY) for Hooking (Minor) at 3:08
Jacob Trouba (STL) for Delaying the game (Minor) at 9:27
Calvin de Haan (CGY) for Hooking (Minor) at 11:34
Cale Makar (STL) for Cross-checking (Minor) at 14:48
2nd period
4. Blues , Logan Couture 10 (Cale Makar 27, Auston Matthews 20) at 0:22
5. Flames , Jordan Eberle 4 (Steven Stamkos 19, Esa Lindell 9) at 4:31
Josh Morrissey (CGY) for High sticking (Minor) at 8:25
Adam Larsson (CGY) for Tripping (Minor) at 10:17
Logan Couture (STL) for Holding (Minor) at 11:33
Jacob Trouba (STL) for Holding (Minor) at 12:53
3rd period
6. Flames , Lawson Crouse 11 (Jordan Eberle 8, Steven Stamkos 20) at 0:20
7. Flames , Jordan Eberle 5 (Josh Morrissey 25, Jared Spurgeon 24) at 7:26
Esa Lindell (CGY) for Slashing (Minor) at 10:45
Goalie Stats
Vitek Vanecek (CGY), 36 saves from 39 shots - (0.923), W, 14-11-3, 60:00 minutes
Kevin Lankinen (STL), 26 saves from 30 shots - (0.867), L, 3-2-0, 59:06 minutes
3 StarsOfficial
1 - Jordan Eberle (CGY)
2 - Lawson Crouse (CGY)
3 - Steven Stamkos (CGY)
Referees : Jean Hebert and Brandon Blandina
Linesman : Colin Gates and Matt MacPherson
Game Note
No Game Note
Finance
Level 1 -- Attendance: 6075 (93.46%) -- Ticket Income $637,875
Level 2 -- Attendance: 5000 (100.00%) -- Ticket Income $375,000
Level 3 -- Attendance: 3500 (100.00%) -- Ticket Income $175,000
Level 4 -- Attendance: 1562 (100.00%) -- Ticket Income $60,918
Luxury Box -- Attendance: 939 (93.90%) -- Ticket Income $186,861
Game was played at the Scottrade Center.
Total Attendance: 17076 (97.23%)
Total Ticket Income: $1,435,654
Other Income: $358,914
Total Income: $1,794,568



Team Name Goals Shots Shots Attemp Shots Blocked PIM HIT PP PK FO%
Flames 43065610220 / 4 (0%)153%
Blues 33968118341 / 5 (20%)047%

Flames
Player Name POS G A P +/- PIM HIT SHT SB MP PP MP PP SHT PK MP PK SHT FO% FOT
Adam LarssonD0002261122:192:5204:1900% 0
Alex DeBrincatRW0110011019:363:1100:000100% 1
Alex OvechkinLW0110005019:383:1110:00050% 2
Calvin de HaanD0000420012:490:0000:0500% 0
Erik GudbransonD0000011017:560:0004:4200% 0
Esa LindellD0112202118:292:5200:0700% 0
Jakub VranaLW000000000:430:0000:43067% 3
Jared SpurgeonD0110000123:463:4203:3200% 0
John TavaresC000-1010016:310:0003:400100% 1
Jordan EberleRW2133006015:310:0000:0000% 2
Jordan KyrouC000-1003015:523:2300:00033% 3
Jordan StaalC000-1041117:080:0004:09055% 22
Josh MorrisseyD1120201222:523:4202:3900% 0
Lawson CrouseLW1013052023:163:2304:4500% 2
Ryan LindgrenD000000001:440:0001:3900% 0
Sean KuralyC000000204:090:0003:40275% 4
Sebastian AhoC0000011018:543:1110:00068% 22
Steven StamkosC0223014019:203:2300:00041% 27
Blues
Player Name POS G A P +/- PIM HIT SHT SB MP PP MP PP SHT PK MP PK SHT FO% FOT
Anton StralmanD000-1002013:100:1212:3910% 0
Auston MatthewsC022-1051020:555:0710:00047% 15
Cale MakarD0110212127:174:2412:4600% 0
Carson SoucyD000-1000310:390:0000:2000% 0
Clayton KellerRW00000410021:505:0712:150100% 2
Craig SmithC0000021012:010:0000:3100% 1
Curtis LazarC000-100005:120:0000:24050% 8
Evan RodriguesC0000000011:250:0000:000100% 1
Filip HronekD1010023123:593:3032:4700% 0
Jack EichelC0110021014:503:2500:00042% 12
Jacob TroubaD000-1451320:334:0801:5900% 0
Kris LetangD000-1054024:365:0702:3600% 0
Logan CoutureC112-1216320:043:2412:32038% 8
Michael EyssimontC000-100104:480:0000:0000% 0
Miles WoodLW000-100304:480:0000:0000% 0
Nico HischierC101-1023020:474:5000:52047% 17
Sean MonahanC0000020016:330:0003:40043% 23
Yanni GourdeC0110031018:333:2502:150100% 2



Play-by-Play

1st period


0:01 of 1st period - Sebastian Aho wins face-off versus Nico Hischier in neutral zone.
0:10 of 1st period - Shot by Alex Ovechkin.
0:10 of 1st period - Stopped by Kevin Lankinen without a rebound.
0:11 of 1st period - Sean Monahan wins face-off versus Steven Stamkos in Blues zone.
0:22 of 1st period - Clayton Keller is hit by Lawson Crouse.
0:37 of 1st period - Steven Stamkos is hit by Jacob Trouba and loses puck.
0:45 of 1st period - Jordan Eberle is hit by Kris Letang and loses puck.
1:21 of 1st period - Shot by Jordan Staal.
1:21 of 1st period - Stopped by Kevin Lankinen without a rebound.
1:22 of 1st period - Sebastian Aho wins face-off versus Jack Eichel in Blues zone.
1:22 of 1st period - Josh Morrissey is hit by Filip Hronek and loses puck.
2:15 of 1st period - Filip Hronek is hit by Sebastian Aho and loses puck.
3:08 of 1st period - Minor Penalty to Calvin de Haan for Hooking.
3:09 of 1st period - Jordan Staal wins face-off versus Auston Matthews in Flames zone.
3:20 of 1st period - Shot by Anton Stralman.
3:20 of 1st period - Stopped by Vitek Vanecek without a rebound.
3:21 of 1st period - Auston Matthews wins face-off versus Sean Kuraly in Flames zone.
3:46 of 1st period - Sean Kuraly is hit by Kris Letang and loses puck.
5:27 of 1st period - Icing by Adam Larsson.
5:28 of 1st period - Sebastian Aho wins face-off versus Sean Monahan in Flames zone.
5:28 of 1st period - Sebastian Aho is hit by Sean Monahan.
5:40 of 1st period - Shot by Clayton Keller.
5:40 of 1st period - Deflect By Sean Monahan.
5:40 of 1st period - Shot Misses the Net.
6:18 of 1st period - Shot by Steven Stamkos.
6:18 of 1st period - Shot Hit the Post.
6:20 of 1st period - Shot by Erik Gudbranson.
6:20 of 1st period - Stopped by Kevin Lankinen without a rebound.
6:21 of 1st period - Nico Hischier wins face-off versus Jordan Staal in Blues zone.
6:28 of 1st period - Jared Spurgeon is hit by Logan Couture and loses puck.
6:43 of 1st period - Shot by Nico Hischier.
6:43 of 1st period - Goal by Nico Hischier - Flames : 0 - Blues : 1.
6:44 of 1st period - Jack Eichel wins face-off versus Steven Stamkos in neutral zone.
7:01 of 1st period - Icing by Filip Hronek.
7:02 of 1st period - Evan Rodrigues wins face-off versus Jordan Staal in Blues zone.
7:23 of 1st period - Shot by Jack Eichel.
7:23 of 1st period - Shot Misses the Net.
7:25 of 1st period - Shot by Cale Makar.
7:25 of 1st period - Deflect By Evan Rodrigues.
7:25 of 1st period - Shot Blocked by Jordan Staal.
8:04 of 1st period - Steven Stamkos is hit by Jacob Trouba.
8:10 of 1st period - Shot by Steven Stamkos.
8:10 of 1st period - Shot Misses the Net.
8:12 of 1st period - Shot by Lawson Crouse.
8:12 of 1st period - Shot Misses the Net.
8:55 of 1st period - Sebastian Aho is hit by Jacob Trouba and loses puck.
8:58 of 1st period - Shot by Alex DeBrincat.
8:58 of 1st period - Shot Misses the Net.
9:00 of 1st period - Shot by Alex DeBrincat.
9:00 of 1st period - Shot Blocked by Logan Couture.
9:02 of 1st period - Shot by Erik Gudbranson.
9:02 of 1st period - Shot Blocked by Logan Couture.
9:04 of 1st period - Shot by Erik Gudbranson.
9:04 of 1st period - Shot Blocked by Logan Couture.
9:06 of 1st period - Shot by Alex Ovechkin.
9:06 of 1st period - Stopped by Kevin Lankinen with a rebound.
9:17 of 1st period - Alex DeBrincat is hit by Jacob Trouba and loses puck.
9:27 of 1st period - Minor Penalty to Jacob Trouba for Delaying the game.
9:28 of 1st period - Clayton Keller wins face-off versus Steven Stamkos in Blues zone.
10:45 of 1st period - Shot by Alex DeBrincat.
10:45 of 1st period - Shot Misses the Net.
10:47 of 1st period - Shot by Sebastian Aho.
10:47 of 1st period - Stopped by Kevin Lankinen without a rebound.
10:48 of 1st period - Sebastian Aho wins face-off versus Logan Couture in Blues zone.
11:03 of 1st period - Shot by Logan Couture.
11:03 of 1st period - Shot Misses the Net.
11:05 of 1st period - Shot by Anton Stralman.
11:05 of 1st period - Stopped by Vitek Vanecek without a rebound.
11:06 of 1st period - Yanni Gourde wins face-off versus Steven Stamkos in Flames zone.
11:28 of 1st period - Icing by Josh Morrissey.
11:29 of 1st period - Curtis Lazar wins face-off versus Jordan Staal in Flames zone.
11:30 of 1st period - Shot by Michael Eyssimont.
11:30 of 1st period - Shot Misses the Net.
11:32 of 1st period - Shot by Curtis Lazar.
11:32 of 1st period - Shot Hit the Post.
11:34 of 1st period - Shot by Curtis Lazar.
11:34 of 1st period - Deflect By Miles Wood.
11:34 of 1st period - Stopped by Vitek Vanecek without a rebound.
11:34 of 1st period - Minor Penalty to Calvin de Haan for Hooking.
11:35 of 1st period - Jordan Staal wins face-off versus Auston Matthews in Flames zone.
11:55 of 1st period - Icing by Cale Makar.
11:56 of 1st period - Auston Matthews wins face-off versus Lawson Crouse in Blues zone.
12:56 of 1st period - Shot by Filip Hronek.
12:56 of 1st period - Stopped by Vitek Vanecek with a rebound.
12:58 of 1st period - Shot by Jack Eichel.
12:58 of 1st period - Shot Misses the Net.
13:00 of 1st period - Shot by Filip Hronek.
13:00 of 1st period - Goal by Filip Hronek - Flames : 0 - Blues : 2.
13:01 of 1st period - Sebastian Aho wins face-off versus Curtis Lazar in neutral zone.
13:08 of 1st period - Shot by Josh Morrissey.
13:08 of 1st period - Shot Blocked by Carson Soucy.
13:38 of 1st period - Shot by Alex DeBrincat.
13:38 of 1st period - Shot Hit the Post.
13:40 of 1st period - Shot by Josh Morrissey.
13:40 of 1st period - Goal by Josh Morrissey - Flames : 1 - Blues : 2.
13:41 of 1st period - Steven Stamkos wins face-off versus Sean Monahan in neutral zone.
13:56 of 1st period - Shot by Clayton Keller.
13:56 of 1st period - Stopped by Vitek Vanecek without a rebound.
13:57 of 1st period - Jordan Staal wins face-off versus Nico Hischier in Flames zone.
13:57 of 1st period - Jordan Staal is hit by Auston Matthews.
14:00 of 1st period - John Tavares is hit by Auston Matthews and loses puck.
14:26 of 1st period - Shot by Logan Couture.
14:26 of 1st period - Stopped by Vitek Vanecek without a rebound.
14:27 of 1st period - Sean Monahan wins face-off versus Steven Stamkos in Flames zone.
14:36 of 1st period - Shot by Clayton Keller.
14:36 of 1st period - Stopped by Vitek Vanecek without a rebound.
14:37 of 1st period - Steven Stamkos wins face-off versus Sean Monahan in Flames zone.
14:37 of 1st period - Steven Stamkos is hit by Clayton Keller.
14:45 of 1st period - Shot by Steven Stamkos.
14:45 of 1st period - Shot Misses the Net.
14:48 of 1st period - Minor Penalty to Cale Makar for Cross-checking.
14:49 of 1st period - Logan Couture wins face-off versus Sebastian Aho in Blues zone.
16:17 of 1st period - Shot by Steven Stamkos.
16:17 of 1st period - Shot Misses the Net.
17:17 of 1st period - Shot by John Tavares.
17:17 of 1st period - Shot Misses the Net.
17:19 of 1st period - Shot by Calvin de Haan.
17:19 of 1st period - Shot Blocked by Filip Hronek.
17:21 of 1st period - Shot by John Tavares.
17:21 of 1st period - Shot Misses the Net.
17:23 of 1st period - Shot by Jordan Kyrou.
17:23 of 1st period - Stopped by Kevin Lankinen without a rebound.
17:24 of 1st period - Curtis Lazar wins face-off versus Steven Stamkos in Blues zone.
17:45 of 1st period - Shot by Michael Eyssimont.
17:45 of 1st period - Stopped by Vitek Vanecek without a rebound.
17:46 of 1st period - Sebastian Aho wins face-off versus Nico Hischier in Flames zone.
18:24 of 1st period - Sebastian Aho is hit by Kris Letang and loses puck.
18:31 of 1st period - Shot by Auston Matthews.
18:31 of 1st period - Deflect By Nico Hischier.
18:31 of 1st period - Stopped by Vitek Vanecek without a rebound.
18:32 of 1st period - Steven Stamkos wins face-off versus Sean Monahan in Flames zone.
18:32 of 1st period - Adam Larsson is hit by Clayton Keller and loses puck.
18:41 of 1st period - Yanni Gourde is hit by Lawson Crouse.
18:42 of 1st period - Icing by Yanni Gourde.
18:43 of 1st period - Jordan Staal wins face-off versus Sean Monahan in Blues zone.
18:52 of 1st period - Shot by John Tavares.
18:52 of 1st period - Shot Misses the Net.
18:54 of 1st period - Shot by Esa Lindell.
18:54 of 1st period - Stopped by Kevin Lankinen without a rebound.
18:55 of 1st period - Steven Stamkos wins face-off versus Jack Eichel in Blues zone.
18:59 of 1st period - Icing by Jacob Trouba.
19:00 of 1st period - Steven Stamkos wins face-off versus Craig Smith in Blues zone.
19:01 of 1st period - Shot by Lawson Crouse.
19:01 of 1st period - Stopped by Kevin Lankinen without a rebound.
19:02 of 1st period - Steven Stamkos wins face-off versus Sean Monahan in Blues zone.
19:39 of 1st period - Shot by Steven Stamkos.
19:39 of 1st period - Shot Misses the Net.
19:41 of 1st period - Shot by Esa Lindell.
19:41 of 1st period - Shot Misses the Net.
19:43 of 1st period - Shot by Esa Lindell.
19:43 of 1st period - Shot Misses the Net.
Goals for this period are 1 for Flames vs 2 for Blues.
Shots for this period are 9 for Flames vs 11 for Blues.

2nd period


0:01 of 2nd period - Sebastian Aho wins face-off versus Logan Couture in neutral zone.
0:20 of 2nd period - Shot by Logan Couture.
0:20 of 2nd period - Shot Misses the Net.
0:22 of 2nd period - Shot by Logan Couture.
0:22 of 2nd period - Goal by Logan Couture - Flames : 1 - Blues : 3.
0:23 of 2nd period - Sean Monahan wins face-off versus Steven Stamkos in neutral zone.
0:23 of 2nd period - Sean Monahan is hit by Lawson Crouse.
0:28 of 2nd period - Clayton Keller is hit by Adam Larsson and loses puck.
1:02 of 2nd period - Yanni Gourde is hit by Adam Larsson and loses puck.
1:30 of 2nd period - Sebastian Aho is hit by Cale Makar and loses puck.
2:04 of 2nd period - Shot by Logan Couture.
2:04 of 2nd period - Stopped by Vitek Vanecek without a rebound.
2:05 of 2nd period - Jordan Staal wins face-off versus Jack Eichel in Flames zone.
3:07 of 2nd period - Icing by Filip Hronek.
3:08 of 2nd period - Sebastian Aho wins face-off versus Curtis Lazar in Blues zone.
3:09 of 2nd period - Shot by Alex Ovechkin.
3:09 of 2nd period - Shot Misses the Net.
3:15 of 2nd period - Shot by Alex DeBrincat.
3:15 of 2nd period - Stopped by Kevin Lankinen with a rebound.
4:11 of 2nd period - Icing by Kris Letang.
4:12 of 2nd period - Nico Hischier wins face-off versus Jordan Eberle in Blues zone.
4:12 of 2nd period - Nico Hischier is hit by Lawson Crouse.
4:18 of 2nd period - Lawson Crouse is hit by Auston Matthews and loses puck.
4:29 of 2nd period - Shot by Steven Stamkos.
4:29 of 2nd period - Shot Misses the Net.
4:31 of 2nd period - Shot by Jordan Eberle.
4:31 of 2nd period - Goal by Jordan Eberle - Flames : 2 - Blues : 3.
4:32 of 2nd period - Jordan Staal wins face-off versus Sean Monahan in neutral zone.
5:06 of 2nd period - Off-side.
5:07 of 2nd period - Nico Hischier wins face-off versus Steven Stamkos in neutral zone.
6:04 of 2nd period - Steven Stamkos is hit by Craig Smith and loses puck.
6:31 of 2nd period - Off-side.
6:32 of 2nd period - Jordan Staal wins face-off versus Sean Monahan in neutral zone.
6:41 of 2nd period - Shot by John Tavares.
6:41 of 2nd period - Shot Misses the Net.
6:45 of 2nd period - Shot by John Tavares.
6:45 of 2nd period - Shot Misses the Net.
6:47 of 2nd period - Shot by Jordan Kyrou.
6:47 of 2nd period - Stopped by Kevin Lankinen without a rebound.
6:48 of 2nd period - Sebastian Aho wins face-off versus Curtis Lazar in Blues zone.
7:50 of 2nd period - Shot by Kris Letang.
7:50 of 2nd period - Stopped by Vitek Vanecek without a rebound.
7:51 of 2nd period - Jordan Staal wins face-off versus Sean Monahan in Flames zone.
7:51 of 2nd period - Jordan Staal is hit by Clayton Keller.
7:54 of 2nd period - John Tavares is hit by Yanni Gourde and loses puck.
8:05 of 2nd period - Shot by Jared Spurgeon.
8:05 of 2nd period - Shot Misses the Net.
8:07 of 2nd period - Shot by Jared Spurgeon.
8:07 of 2nd period - Shot Blocked by Carson Soucy.
8:09 of 2nd period - Shot by Jared Spurgeon.
8:09 of 2nd period - Shot Blocked by Carson Soucy.
8:25 of 2nd period - Minor Penalty to Josh Morrissey for High sticking.
8:26 of 2nd period - Jordan Staal wins face-off versus Auston Matthews in Flames zone.
9:23 of 2nd period - Shot by Jack Eichel.
9:23 of 2nd period - Shot Misses the Net.
9:36 of 2nd period - Icing by Jacob Trouba.
9:37 of 2nd period - Jakub Vrana wins face-off versus Logan Couture in Blues zone.
10:03 of 2nd period - Shot by Sean Kuraly.
10:03 of 2nd period - Stopped by Kevin Lankinen without a rebound.
10:04 of 2nd period - Auston Matthews wins face-off versus Jordan Staal in Blues zone.
10:04 of 2nd period - Auston Matthews is hit by Lawson Crouse.
10:17 of 2nd period - Minor Penalty to Adam Larsson for Tripping.
10:18 of 2nd period - Auston Matthews wins face-off versus Jordan Staal in Flames zone.
11:18 of 2nd period - Shot by John Tavares.
11:18 of 2nd period - Shot Misses the Net.
11:20 of 2nd period - Shot by Sean Kuraly.
11:20 of 2nd period - Stopped by Kevin Lankinen without a rebound.
11:21 of 2nd period - Sean Kuraly wins face-off versus Logan Couture in Blues zone.
11:30 of 2nd period - Shot by Filip Hronek.
11:30 of 2nd period - Deflect By Logan Couture.
11:30 of 2nd period - Stopped by Vitek Vanecek without a rebound.
11:31 of 2nd period - Logan Couture wins face-off versus Jordan Staal in Flames zone.
11:32 of 2nd period - Shot by Cale Makar.
11:32 of 2nd period - Stopped by Vitek Vanecek without a rebound.
11:33 of 2nd period - Jordan Staal wins face-off versus Logan Couture in Flames zone.
11:33 of 2nd period - Minor Penalty to Logan Couture for Holding.
11:34 of 2nd period - Sean Kuraly wins face-off versus Auston Matthews in Blues zone.
11:53 of 2nd period - Icing by Kris Letang.
11:54 of 2nd period - Auston Matthews wins face-off versus Jordan Staal in Blues zone.
11:54 of 2nd period - Auston Matthews is hit by Jordan Staal.
12:04 of 2nd period - Shot by Clayton Keller.
12:04 of 2nd period - Deflect By Auston Matthews.
12:04 of 2nd period - Shot Blocked by Esa Lindell.
12:34 of 2nd period - Shot by Alex Ovechkin.
12:34 of 2nd period - Stopped by Kevin Lankinen without a rebound.
12:35 of 2nd period - Steven Stamkos wins face-off versus Nico Hischier in Blues zone.
12:37 of 2nd period - Jordan Kyrou is hit by Jacob Trouba and loses puck.
12:40 of 2nd period - Shot by Steven Stamkos.
12:40 of 2nd period - Shot Blocked by Cale Makar.
12:46 of 2nd period - Shot by Lawson Crouse.
12:46 of 2nd period - Shot Blocked by Jacob Trouba.
12:48 of 2nd period - Shot by Esa Lindell.
12:48 of 2nd period - Shot Blocked by Jacob Trouba.
12:50 of 2nd period - Shot by Adam Larsson.
12:50 of 2nd period - Shot Hit the Post.
12:52 of 2nd period - Shot by Steven Stamkos.
12:52 of 2nd period - Shot Blocked by Jacob Trouba.
12:53 of 2nd period - Minor Penalty to Jacob Trouba for Holding.
12:54 of 2nd period - Sebastian Aho wins face-off versus Curtis Lazar in Blues zone.
13:58 of 2nd period - Jordan Kyrou is hit by Yanni Gourde and loses puck.
14:02 of 2nd period - Adam Larsson is hit by Yanni Gourde and loses puck.
14:22 of 2nd period - Icing by Adam Larsson.
14:23 of 2nd period - Sean Monahan wins face-off versus Steven Stamkos in Flames zone.
14:23 of 2nd period - Logan Couture is hit by Adam Larsson and loses puck.
14:56 of 2nd period - Shot by Craig Smith.
14:56 of 2nd period - Stopped by Vitek Vanecek without a rebound.
14:57 of 2nd period - Sebastian Aho wins face-off versus Jack Eichel in Flames zone.
14:57 of 2nd period - Sebastian Aho is hit by Jack Eichel.
16:26 of 2nd period - Icing by Filip Hronek.
16:27 of 2nd period - Nico Hischier wins face-off versus Steven Stamkos in Blues zone.
16:27 of 2nd period - Nico Hischier is hit by Steven Stamkos.
16:52 of 2nd period - Icing by Jared Spurgeon.
16:53 of 2nd period - Sean Monahan wins face-off versus Jordan Eberle in Flames zone.
16:56 of 2nd period - Shot by Yanni Gourde.
16:56 of 2nd period - Deflect By Clayton Keller.
16:56 of 2nd period - Stopped by Vitek Vanecek without a rebound.
16:57 of 2nd period - Jordan Staal wins face-off versus Sean Monahan in Flames zone.
16:57 of 2nd period - Jordan Staal is hit by Sean Monahan.
17:33 of 2nd period - Jordan Staal is hit by Clayton Keller and loses puck.
17:42 of 2nd period - Yanni Gourde is hit by Jordan Staal and loses puck.
18:04 of 2nd period - Icing by Anton Stralman.
18:05 of 2nd period - Jack Eichel wins face-off versus Steven Stamkos in Blues zone.
18:22 of 2nd period - Shot by Jordan Eberle.
18:22 of 2nd period - Stopped by Kevin Lankinen without a rebound.
18:23 of 2nd period - Sebastian Aho wins face-off versus Nico Hischier in Blues zone.
18:26 of 2nd period - Shot by Alex Ovechkin.
18:26 of 2nd period - Stopped by Kevin Lankinen without a rebound.
18:27 of 2nd period - Logan Couture wins face-off versus Steven Stamkos in Blues zone.
19:41 of 2nd period - Shot by Clayton Keller.
19:41 of 2nd period - Stopped by Vitek Vanecek without a rebound.
19:42 of 2nd period - Jack Eichel wins face-off versus Sebastian Aho in Flames zone.
19:44 of 2nd period - Evan Rodrigues is hit by Adam Larsson and loses puck.
Goals for this period are 1 for Flames vs 1 for Blues.
Shots for this period are 8 for Flames vs 8 for Blues.

3rd period


0:01 of 3rd period - Nico Hischier wins face-off versus Steven Stamkos in neutral zone.
0:18 of 3rd period - Shot by Steven Stamkos.
0:18 of 3rd period - Deflect By Jordan Eberle.
0:18 of 3rd period - Stopped by Kevin Lankinen with a rebound.
0:20 of 3rd period - Shot by Lawson Crouse.
0:20 of 3rd period - Goal by Lawson Crouse - Flames : 3 - Blues : 3.
0:21 of 3rd period - Sean Monahan wins face-off versus Sebastian Aho in neutral zone.
1:04 of 3rd period - Shot by Clayton Keller.
1:04 of 3rd period - Stopped by Vitek Vanecek without a rebound.
1:05 of 3rd period - Nico Hischier wins face-off versus Steven Stamkos in Flames zone.
1:16 of 3rd period - Shot by Steven Stamkos.
1:16 of 3rd period - Stopped by Kevin Lankinen without a rebound.
1:17 of 3rd period - Jordan Kyrou wins face-off versus Jack Eichel in Blues zone.
1:28 of 3rd period - Shot by Jordan Staal.
1:28 of 3rd period - Shot Misses the Net.
1:58 of 3rd period - Shot by Jordan Kyrou.
1:58 of 3rd period - Stopped by Kevin Lankinen with a rebound.
2:16 of 3rd period - Shot by Steven Stamkos.
2:16 of 3rd period - Stopped by Kevin Lankinen with a rebound.
2:18 of 3rd period - Shot by Esa Lindell.
2:18 of 3rd period - Stopped by Kevin Lankinen without a rebound.
2:19 of 3rd period - Nico Hischier wins face-off versus Sebastian Aho in Blues zone.
3:03 of 3rd period - Shot by Logan Couture.
3:03 of 3rd period - Stopped by Vitek Vanecek without a rebound.
3:04 of 3rd period - Sean Monahan wins face-off versus Steven Stamkos in Flames zone.
3:04 of 3rd period - Sean Monahan is hit by Adam Larsson.
3:08 of 3rd period - Shot by Clayton Keller.
3:08 of 3rd period - Shot Blocked by Adam Larsson.
3:10 of 3rd period - Shot by Yanni Gourde.
3:10 of 3rd period - Shot Misses the Net.
3:19 of 3rd period - Shot by Clayton Keller.
3:19 of 3rd period - Stopped by Vitek Vanecek without a rebound.
3:20 of 3rd period - Curtis Lazar wins face-off versus Jordan Staal in Flames zone.
3:20 of 3rd period - Filip Hronek is hit by Calvin de Haan and loses puck.
3:37 of 3rd period - Cale Makar is hit by Calvin de Haan and loses puck.
4:04 of 3rd period - Shot by John Tavares.
4:04 of 3rd period - Shot Misses the Net.
4:30 of 3rd period - Logan Couture is hit by Erik Gudbranson and loses puck.
4:49 of 3rd period - Shot by Logan Couture.
4:49 of 3rd period - Shot Misses the Net.
4:51 of 3rd period - Shot by Jacob Trouba.
4:51 of 3rd period - Stopped by Vitek Vanecek without a rebound.
4:52 of 3rd period - Sean Monahan wins face-off versus Sebastian Aho in Flames zone.
4:53 of 3rd period - Shot by Clayton Keller.
4:53 of 3rd period - Stopped by Vitek Vanecek without a rebound.
4:54 of 3rd period - Steven Stamkos wins face-off versus Sean Monahan in Flames zone.
5:03 of 3rd period - Shot by Adam Larsson.
5:03 of 3rd period - Stopped by Kevin Lankinen without a rebound.
5:04 of 3rd period - Sebastian Aho wins face-off versus Nico Hischier in Blues zone.
5:04 of 3rd period - Sebastian Aho is hit by Kris Letang.
5:18 of 3rd period - Shot by Nico Hischier.
5:18 of 3rd period - Shot Misses the Net.
5:20 of 3rd period - Shot by Auston Matthews.
5:20 of 3rd period - Shot Misses the Net.
5:22 of 3rd period - Shot by Logan Couture.
5:22 of 3rd period - Stopped by Vitek Vanecek without a rebound.
5:23 of 3rd period - Steven Stamkos wins face-off versus Sean Monahan in Flames zone.
5:51 of 3rd period - Shot by Yanni Gourde.
5:51 of 3rd period - Shot Misses the Net.
6:03 of 3rd period - Icing by Sean Monahan.
6:04 of 3rd period - Sean Monahan wins face-off versus Sebastian Aho in Blues zone.
6:08 of 3rd period - Filip Hronek is hit by Alex DeBrincat and loses puck.
6:14 of 3rd period - Icing by Cale Makar.
6:15 of 3rd period - Sean Monahan wins face-off versus Jordan Kyrou in Blues zone.
7:11 of 3rd period - Steven Stamkos is hit by Kris Letang and loses puck.
7:26 of 3rd period - Shot by Jordan Eberle.
7:26 of 3rd period - Goal by Jordan Eberle - Flames : 4 - Blues : 3.
7:27 of 3rd period - Jack Eichel wins face-off versus Alex Ovechkin in neutral zone.
8:37 of 3rd period - Icing by Cale Makar.
8:38 of 3rd period - Yanni Gourde wins face-off versus Lawson Crouse in Blues zone.
9:02 of 3rd period - Steven Stamkos is hit by Filip Hronek.
9:14 of 3rd period - Shot by Jordan Eberle.
9:14 of 3rd period - Stopped by Kevin Lankinen without a rebound.
9:15 of 3rd period - Nico Hischier wins face-off versus Jordan Staal in Blues zone.
9:29 of 3rd period - Icing by Josh Morrissey.
9:30 of 3rd period - John Tavares wins face-off versus Jack Eichel in Flames zone.
9:30 of 3rd period - John Tavares is hit by Craig Smith.
10:08 of 3rd period - Shot by Jack Eichel.
10:08 of 3rd period - Shot Blocked by Josh Morrissey.
10:10 of 3rd period - Shot by Jack Eichel.
10:10 of 3rd period - Stopped by Vitek Vanecek with a rebound.
10:21 of 3rd period - Jordan Staal is hit by Jack Eichel and loses puck.
10:44 of 3rd period - Shot by Nico Hischier.
10:44 of 3rd period - Stopped by Vitek Vanecek with a rebound.
10:45 of 3rd period - Minor Penalty to Esa Lindell for Slashing.
10:46 of 3rd period - Auston Matthews wins face-off versus Jakub Vrana in Flames zone.
10:54 of 3rd period - Shot by Kris Letang.
10:54 of 3rd period - Shot Misses the Net.
10:56 of 3rd period - Shot by Auston Matthews.
10:56 of 3rd period - Stopped by Vitek Vanecek without a rebound.
10:57 of 3rd period - Jordan Staal wins face-off versus Auston Matthews in Flames zone.
11:14 of 3rd period - Shot by Filip Hronek.
11:14 of 3rd period - Stopped by Vitek Vanecek without a rebound.
11:15 of 3rd period - Jakub Vrana wins face-off versus Jack Eichel in Flames zone.
11:44 of 3rd period - Shot by Cale Makar.
11:44 of 3rd period - Deflect By Logan Couture.
11:44 of 3rd period - Shot Blocked by Jared Spurgeon.
12:32 of 3rd period - Shot by Clayton Keller.
12:32 of 3rd period - Stopped by Vitek Vanecek without a rebound.
12:33 of 3rd period - Sean Kuraly wins face-off versus Auston Matthews in Flames zone.
12:33 of 3rd period - Sean Kuraly is hit by Auston Matthews.
12:48 of 3rd period - Anton Stralman is hit by Adam Larsson and loses puck.
12:55 of 3rd period - Shot by Miles Wood.
12:55 of 3rd period - Stopped by Vitek Vanecek without a rebound.
12:56 of 3rd period - Curtis Lazar wins face-off versus Jordan Kyrou in Flames zone.
12:57 of 3rd period - Shot by Miles Wood.
12:57 of 3rd period - Stopped by Vitek Vanecek without a rebound.
12:58 of 3rd period - Jack Eichel wins face-off versus Sebastian Aho in Flames zone.
14:22 of 3rd period - Shot by Jordan Eberle.
14:22 of 3rd period - Stopped by Kevin Lankinen without a rebound.
14:23 of 3rd period - Clayton Keller wins face-off versus Jordan Staal in Blues zone.
14:23 of 3rd period - Yanni Gourde is hit by Jordan Staal and loses puck.
14:31 of 3rd period - Clayton Keller is hit by John Tavares and loses puck.
14:42 of 3rd period - Shot by Yanni Gourde.
14:42 of 3rd period - Stopped by Vitek Vanecek without a rebound.
14:43 of 3rd period - Sebastian Aho wins face-off versus Nico Hischier in Flames zone.
14:43 of 3rd period - Sebastian Aho is hit by Nico Hischier.
14:55 of 3rd period - Shot by Kris Letang.
14:55 of 3rd period - Stopped by Vitek Vanecek without a rebound.
14:56 of 3rd period - Steven Stamkos wins face-off versus Sean Monahan in Flames zone.
15:32 of 3rd period - Shot by Steven Stamkos.
15:32 of 3rd period - Stopped by Kevin Lankinen without a rebound.
15:33 of 3rd period - Alex DeBrincat wins face-off versus Nico Hischier in Blues zone.
15:36 of 3rd period - Shot by Alex Ovechkin.
15:36 of 3rd period - Stopped by Kevin Lankinen without a rebound.
15:37 of 3rd period - Sebastian Aho wins face-off versus Nico Hischier in Blues zone.
15:56 of 3rd period - Shot by Sebastian Aho.
15:56 of 3rd period - Shot Misses the Net.
16:12 of 3rd period - Shot by Logan Couture.
16:12 of 3rd period - Shot Misses the Net.
16:14 of 3rd period - Shot by Kris Letang.
16:14 of 3rd period - Shot Misses the Net.
16:47 of 3rd period - Shot by Sean Monahan.
16:47 of 3rd period - Deflect By Clayton Keller.
16:47 of 3rd period - Stopped by Vitek Vanecek with a rebound.
16:55 of 3rd period - Shot by Steven Stamkos.
16:55 of 3rd period - Stopped by Kevin Lankinen with a rebound.
17:13 of 3rd period - Shot by Clayton Keller.
17:13 of 3rd period - Shot Misses the Net.
17:31 of 3rd period - Filip Hronek is hit by Jordan Staal and loses puck.
19:06 of 3rd period - Blues, Kevin Lankinen is pulled from the net.
19:10 of 3rd period - Shot by Nico Hischier.
19:10 of 3rd period - Shot Misses the Net.
19:12 of 3rd period - Shot by Kris Letang.
19:12 of 3rd period - Stopped by Vitek Vanecek without a rebound.
19:13 of 3rd period - Steven Stamkos wins face-off versus Auston Matthews in Flames zone.
19:18 of 3rd period - Jared Spurgeon is hit by Nico Hischier and loses puck.
19:23 of 3rd period - Shot by Auston Matthews.
19:23 of 3rd period - Shot Misses the Net.
19:25 of 3rd period - Shot by Nico Hischier.
19:25 of 3rd period - Shot Misses the Net.
19:27 of 3rd period - Shot by Clayton Keller.
19:27 of 3rd period - Shot Blocked by Josh Morrissey.
19:29 of 3rd period - Shot by Auston Matthews.
19:29 of 3rd period - Shot Hit the Post.
19:31 of 3rd period - Shot by Kris Letang.
19:31 of 3rd period - Shot Misses the Net.
19:33 of 3rd period - Shot by Kris Letang.
19:33 of 3rd period - Stopped by Vitek Vanecek without a rebound.
19:34 of 3rd period - Alex Ovechkin wins face-off versus Auston Matthews in Flames zone.
19:34 of 3rd period - Alex Ovechkin is hit by Auston Matthews.
19:50 of 3rd period - Shot by Cale Makar.
19:50 of 3rd period - Stopped by Vitek Vanecek with a rebound.
19:52 of 3rd period - Shot by Cale Makar.
19:52 of 3rd period - Deflect By Auston Matthews.
19:52 of 3rd period - Shot Misses the Net.
19:54 of 3rd period - Shot by Clayton Keller.
19:54 of 3rd period - Stopped by Vitek Vanecek without a rebound.
19:55 of 3rd period - Auston Matthews wins face-off versus Steven Stamkos in Flames zone.
Goals for this period are 2 for Flames vs 0 for Blues.
Shots for this period are 13 for Flames vs 20 for Blues.